 Dungeon Crawl Stone Soup version 0.30-a0-585-g93115170b9 (webtiles) character file.

Game seed: 8203136043844117986

77 bande the Shield-Bearer (level 4, -2/29 HPs)
             Began as a Gargoyle Fighter on Jan 3, 2023.
             Killed from afar by Dowan (7 damage)
             ... with a puff of flame
             ... on level 5 of the Dungeon.
             The game lasted 00:03:07 (1351 turns).

bande the Shield-Bearer (Gargoyle Fighter)          Turns: 1351, Time: 00:03:08

Health: -2/29      AC: 11    Str: 20    XL:     4   Next: 33%
Magic:  4/4        EV:  8    Int:  8    God:
Gold:   107        SH:  8    Dex: 11    Spells: 3/3 levels left

rFire   . . .      SeeInvis .    a - +0 war axe
rCold   . . .      Faith    .    f - +0 kite shield
rNeg    + . .      Spirit   .    b - +0 scale mail
rPois   ∞          Reflect  .    (no helmet)
rElec   +          Harm     .    l - +0 cloak
rCorr   .          Rampage  .    (no gloves)
Will    .....                    (no boots) Stlth
                                 g - amulet of the acrobat
HPRegen 0.24/turn                (no ring)
MPRegen 0.09/turn                (no ring)

@: mighty
A: sickness immunity, AC +3, negative energy resistance 1, electricity
resistance, torment resistance 1, petrification resistance
a: no special abilities


You were on level 5 of the Dungeon.
You visited 1 branch of the dungeon, and saw 5 of its levels.

You collected 107 gold pieces.

Inventory:

Hand Weapons
 a - a +0 war axe (weapon)
Armour
 b - a +0 scale mail (worn)
 f - a +0 kite shield (worn)
 l - a +0 cloak (worn)
Jewellery
 e - a ring of wizardry
 g - an amulet of the acrobat (around neck)
Scrolls
 j - a scroll of silence {unknown}
 k - a scroll of teleportation {unknown}
 m - a scroll of identify
Potions
 c - 2 potions of brilliance
 h - a potion of curing
 i - a potion of haste {unknown}
 n - a potion of heal wounds {unknown}


   Skills:
 + Level 3.8 Fighting
 + Level 2.6 Axes
 + Level 3.7 Armour
 + Level 4.1 Shields


You had 3 spell levels left.
You didn't know any spells.
Your spell library contained the following spells:

 Spells                   Type           Power      Damage    Failure   Level
 Blink                    Tloc           0%         N/A       99%         2
 Momentum Strike          Conj/Tloc      0%         3d8       99%         2
 Lesser Beckoning         Tloc           0%         N/A       100%        3


Dungeon Overview and Level Annotations

Branches:
Dungeon (6/15)
 Temple: D:4-7

Altars:
Yredelemnul

Annotations:
D:5 Dowan, Duvessa


Innate Abilities, Weirdness & Mutations

You are immune to sickness and miasma.
Your stone body is resilient. (AC +3)
You are immune to poison.
You resist negative energy. (rN+)
You are resistant to electric shocks. (rElec)
You are resistant to unholy torment.
You are immune to petrification.


Message History

The grasping roots constrict you.
Dowan says, "Magic and the sword, together, will defeat you."
Dowan casts a spell at Duvessa.
Duvessa seems to speed up.
You are too injured to fight recklessly!
You are too injured to fight recklessly!
You are too injured to fight recklessly!
You are too injured to fight recklessly!
You are too injured to fight recklessly!
You are too injured to fight recklessly!
You are too injured to fight recklessly!
You are too injured to fight recklessly!
You are too injured to fight recklessly!
You are too injured to fight recklessly!
You are too injured to fight recklessly!
You are too injured to fight recklessly!
You are too injured to fight recklessly!
Unknown command.
It was a potion of curing.
You feel better. The grasping roots constrict you. The black bear bites you.
The black bear barely misses you.
The black bear claws you but does no damage.
The grasping roots release their grip on you.
You feel very mighty all of a sudden. You block the black bear's attack.
The black bear claws you but does no damage.
The black bear barely misses you. Duvessa hits you with a +0 rapier.
Unknown command.
You hit Duvessa.
Duvessa is lightly wounded.
You hit the black bear. Duvessa hits you but does no damage.
You block the black bear's attack. The black bear claws you.
The black bear claws you but does no damage.
Duvessa hits you with a +0 rapier.
* * * LOW HITPOINT WARNING * * *
You slash Duvessa!
Duvessa is moderately wounded.
You slash Dowan! You barely miss the black bear. Duvessa barely misses you.
Dowan casts a spell at you. The puff of flame hits you!
You die...

.### .......
....####.......#
#.............#
#....)........##
#.............#..
#...J.........#.#####
#....hee......#.....#
#.....@.......#.>##.#
###.?...#........##.#
#..~~~.........†##.#
#.~~8~~.#.##.#####.###
########.....>........
#######.###.### #.#
#.# #.# #.# #.###.#


You could see Duvessa (fast), a black bear, Dowan and a jelly.

Vanquished Creatures
  3 adders
  A dart slug (D:3)
  An orc (D:3)
  A ball python (D:1)
  4 bats
  3 endoplasms
  4 giant cockroaches
  4 goblins
  5 hobgoblins
  3 jackals (D:1)
  A quokka (D:3)
  7 frilled lizards
  3 kobolds
  5 rats
45 creatures vanquished.

Notes
Turn   | Place    | Note
-------+----------+-------------------------------------------
     0 | D:1      | bande the Gargoyle Fighter began the quest for the Orb.
     0 | D:1      | Reached XP level 1. HP: 14/14 MP: 1/1
    70 | D:1      | Reached XP level 2. HP: 10/19 MP: 2/2
   385 | D:1      | Reached XP level 3. HP: 17/23 MP: 3/3
   814 | D:2      | Found a basalt altar of Yredelemnul.
  1044 | D:3      | Reached XP level 4. HP: 29/29 MP: 4/4
  1273 | D:3      | You fall into a shaft and drop 3 floors!
  1279 | D:5      | Entered Level 5 of the Dungeon
  1290 | D:5      | Reached skill level 4 in Shields
  1343 | D:5      | Noticed a black bear
  1344 | D:5      | Noticed Duvessa
  1344 | D:5      | Noticed Dowan
  1351 | D:5      | Killed from afar by Dowan

Illustrated notes

Levels and vault maps discovered:
D:1:      psy_arrival_conway, layout_rooms
D:2:      layout_rooms, basic_altar
D:3:      layout_basic, mainiacjoe_overflow_alcove_2, kennysheep_generic_room_13
D:5:      layout_basic, moated_statue, uniq_duvessa
D:6:      layout_loops_corners, evilmike_ruin_ashenzari, fedhas_altar_1,
          minmay_temple_entry_mist, minivault_23, uniq_edmund, uniq_pikel,
          uniq_eustachio

Skill      XL: |  1  2  3  4 |
---------------+-------------+-----
Axes           | 2 |  2.6
Shields        | 4 |  4.1
Fighting       | |  3.8
Armour         | |  3.7

Action                   |  1- 3 |  4- 6 || total
-------------------------+-------+-------++-------
Melee: War axe           |    75 |    49 ||   124
  Use: Scroll            |     4 |       ||     4
       Potion            |       |     2 ||     2
Armor: Scale mail        |    46 |    28 ||    74
Dodge: Dodged            |    34 |    29 ||    63
Block: Buckler           |    13 |       ||    13
       Kite shield       |    16 |    30 ||    46

Table legend: (Time is in decaauts)
 A = Elapsed time spent in this place.
 B = Non-inter-level travel time spent in this place.
 C = Inter-level travel time spent in this place.
 D = Time resting spent in this place.
 E = Time spent auto-exploring this place.
 F = Levels seen in this place.
 G = Mean time per level.
                   A        B        C        D        E       F      G
               +--------+--------+--------+--------+--------+-----+--------+
         Total |   1417 |   1407 |     10 |    136 |    879 |   5 |  283.4 |
       Dungeon |   1417 |   1407 |     10 |    136 |    879 |   5 |  283.4 |
               +--------+--------+--------+--------+--------+-----+--------+

Top non-repeatable levels by time:
     D:1: 648 daAuts
     D:2: 418 daAuts
     D:3: 268 daAuts
     D:5: 77 daAuts
     D:6: 5 daAuts
